 Dungeon Crawl Stone Soup version 0.27.1 (webtiles) character file.

Game seed: 2719694063169064799

671 Atelerd the Digger (level 7, -9/41 HPs)
             Began as an Octopode Earth Elementalist on Sept 1, 2021.
             Mangled by Edmund (15 damage)
             ... on level 5 of the Dungeon.
             The game lasted 00:07:39 (5847 turns).

Atelerd the Digger (Octopode Earth Elementalist)    Turns: 5847, Time: 00:07:40

Health: -9/41      AC:  1    Str:  7    XL:     7   Next: 58%
Magic:  1/14       EV: 13    Int: 20    God:
Gold:   104        SH:  0    Dex: 12    Spells: 10/15 levels left

rFire    . . .     SeeInvis .   n - +1 dagger (venom)
rCold    . . .     Faith    .   (no shield)
rNeg     . . .     Spirit   .   (helmet restricted)
rPois    .         Reflect  .   (no amulet)
rElec    .         Harm     .   (no ring)
rCorr    .         Rampage  .   (no ring)
Will     .....                  (no ring)
Stlth    +++.......             (no ring)
HPRegen  0.13/turn              (no ring)
MPRegen  0.14/turn              (no ring)
                                (no ring)
                                (no ring)

@: very slightly contaminated
A: almost no armour, amphibious, 8 rings, camouflage 1, gelatinous body 1,
(nimble swimmer 1), tentacles
a: no special abilities


You were on level 5 of the Dungeon.
You visited 1 branch of the dungeon, and saw 5 of its levels.

You collected 235 gold pieces.
You spent 131 gold pieces at shops.

Inventory:

Hand Weapons
 d - a +2 vampiric short sword
 g - a +2 dagger of holy wrath
 n - a +1 dagger of venom (weapon)
Missiles
 b - 122 stones
Scrolls
 a - a scroll of teleportation {unknown}
 c - 2 scrolls of fog
 i - a scroll of immolation
 m - a scroll of enchant armour
 o - a scroll of blinking
 q - a scroll of silence
 s - a scroll of identify
 t - a scroll of amnesia {unknown}
 u - a scroll of enchant weapon {unknown}
 v - a scroll of noise {unknown}
Potions
 e - 2 potions of brilliance {unknown}
 f - a potion of curing {unknown}
 h - a potion of ambrosia {unknown}
 j - a potion of mutation
 k - 2 potions of lignification {unknown}
 l - 3 potions of degeneration {unknown}
 p - a potion of haste {unknown}
 r - a potion of heal wounds


   Skills:
 - Level 2.0 Dodging
 + Level 3.8 Stealth
 + Level 4.7 Spellcasting
 - Level 4.0 Transmutations
 + Level 5.5 Earth Magic


You had 10 spell levels left.
You knew the following spells:

 Your Spells              Type           Power      Damage    Failure   Level
a - Sandblast             Erth           52%        2d12      1%          1
p - Petrify               Tmut/Erth      23%        N/A       17%         4

Your spell library contained the following spells:

 Spells                   Type           Power      Damage    Failure   Level
 Passwall                 Tmut/Erth      19%        N/A       2%          2
 Magic Dart               Conj           16%        1d3       12%         1
 Stone Arrow              Conj/Erth      30%        3d8       12%         3
 Searing Ray              Conj           8%         3d3       19%         2
 Fulminant Prism          Conj/Hex       2%         3d6       75%         4


Dungeon Overview and Level Annotations

Branches:
Dungeon (5/15)
 Temple: D:4-7

Altars:
Ashenzari

Shops:
D:3 =   D:4 ?!=

Annotations:
D:5 Edmund


Innate Abilities, Weirdness & Mutations

You cannot wear most types of armour.
You are amphibious.
You can wear up to eight rings at the same time.
Your skin changes colour to match your surroundings (Stealth+).
Your rubbery body absorbs attacks. (AC +1, EV +1)
((You are camouflaged near water. (Stealth+)))
You have tentacles for arms and can constrict up to eight enemies at once.


Message History

Aim: Edmund, wielding a +1 flail of protection and wearing a +0 chain mail (heavily wounded, constricted by you, berserk, extremely poisoned, chance to affect: 52%) Edmund resists with significant effort.
You constrict Edmund, but do no damage. Edmund barely misses you.
Edmund hits you with a +1 flail of protection!
Unknown command.
You release your grip on Edmund.
Unknown command.
Press: ? - help, v - describe, . - travel
Here: Edmund, wielding a +1 flail of protection and wearing a +0 chain mail (heavily wounded, berserk, extremely poisoned)
The floor, spattered with blood.
Unknown command.
Unknown command.
Press: ? - help, v - describe, . - travel
Here: Edmund, wielding a +1 flail of protection and wearing a +0 chain mail (heavily wounded, berserk, extremely poisoned)
The floor, spattered with blood.
Unknown command.
Blink to where?
Press: ? - help, Dir - move target, p - Edmund
As you read the scroll of blinking, it crumbles to dust.
Casting: Petrify (quite dangerous; 17% risk of failure)
Confirm with . or Enter, or press ? or * to list all spells.
The spell is quite dangerous to cast (17% risk of failure)!
Continue anyway?
Aiming: Petrify (quite dangerous; 17% risk of failure)
Press: ? - help, Shift-Dir - straight line, f - Edmund
Aim: Edmund, wielding a +1 flail of protection and wearing a +0 chain mail (heavily wounded, berserk, extremely poisoned, chance to affect: 52%) Edmund resists with significant effort.
Unknown command.
Edmund rages.
Unknown command.
You hit Edmund but do no damage.
Edmund looks as sick as possible!
Your grab misses Edmund.
Edmund is almost dead.
Edmund hits you with a +1 flail of protection!
* * * LOW HITPOINT WARNING * * *
Unknown command.
You hit Edmund.
Edmund looks as sick as possible!
You grab Edmund.
Edmund is almost dead.
You constrict Edmund, but do no damage.
Edmund hits you with a +1 flail of protection!
You die...

...# .##############...###
......................
.............<........ .
......................
......†...............
.......................
........................
..........@@.............##
........................##$
...........<....Z........#.
.........................#.
..........)..............#.
........................#.
......................##.
..........[...........Z.
....................#..


You could see Edmund (berserk, extremely poisoned) and a hound skeleton.

Vanquished Creatures
  An orc warrior (D:4)
  An ogre (D:4)
  A phantom (D:4)
  A scorpion (D:4)
  A jelly (D:4)
  A howler monkey (D:4)
  A hound (D:3)
  An orc priest (D:4)
  An iguana (D:4)
  3 orc wizards
  4 adders
  An ufetubus (D:4)
  2 worms
  3 dart slugs
  9 orcs
  6 ball pythons
  8 endoplasms
  4 giant cockroaches
  6 hobgoblins
  6 kobolds
  3 quokkas
  8 bats
  2 frilled lizards (D:3)
  6 goblins
  5 rats
85 creatures vanquished.

Notes
Turn   | Place    | Note
-------+----------+-------------------------------------------
     0 | D:1      | Atelerd the Octopode Earth Elementalist began the quest for
                  | the Orb.
     0 | D:1      | Reached XP level 1. HP: 11/11 MP: 3/3
   619 | D:1      | Reached XP level 2. HP: 17/17 MP: 3/5
  1064 | D:1      | Found a faded altar of an unknown god.
  1685 | D:2      | Reached XP level 3. HP: 21/21 MP: 6/6
  2533 | D:3      | Reached XP level 4. HP: 20/27 MP: 8/8
  2832 | D:3      | Reached skill level 4 in Earth Magic
  2833 | D:3      | Reached XP level 5. HP: 23/31 MP: 6/9
  2965 | D:3      | Found Tiroasmu's Jewellery Shoppe.
  3261 | D:3      | Found a broken altar of Ashenzari.
  4079 | D:4      | Reached XP level 6. HP: 13/36 MP: 4/11
  4381 | D:4      | Found Vyzes's Magic Scroll Shop.
  4384 | D:4      | Bought a scroll of identify for 22 gold pieces
  4384 | D:4      | Bought a scroll of identify for 22 gold pieces
  4384 | D:4      | Bought a scroll of identify for 22 gold pieces
  4523 | D:4      | Found Nuckuthra's Jewellery Emporium.
  4524 | D:4      | Found Suodenli's Distillery.
  4532 | D:4      | Bought a potion of heal wounds for 65 gold pieces
  4966 | D:4      | Noticed an orc warrior
  4985 | D:4      | Learned a level 4 spell: Petrify
  5074 | D:4      | Killed an orc warrior
  5075 | D:4      | Reached skill level 5 in Earth Magic
  5075 | D:4      | Reached XP level 7. HP: 41/41 MP: 4/13
  5778 | D:5      | Entered Level 5 of the Dungeon
  5809 | D:5      | Noticed Edmund
  5847 | D:5      | Mangled by Edmund

Illustrated notes

Levels and vault maps discovered:
D:1:      mrwooster_arrival_statue_2, layout_basic,
          shapermc_ecumenical_altar_hornbeckon
D:2:      layout_basic, serial_park_tiny_2
D:3:      minmay_angry_zag, layout_basic, ashenzari_conservatory_becter,
          serial_shops, shop, kennysheep_nondescript, st_stairs_13
D:4:      minmay_skewed_foursquare, layout_rooms, serial_shops, shop_statue,
          nicolae_wooded_promenade, minmay_misc_feat_four_crosses, st_stairs_7,
          guppyfry_early_orc_mine
D:5:      layout_basic, gammafunk_ghost_split, uniq_edmund, uniq_duvessa,
          uniq_ijyb

Skill      XL: |  1  2  3  4  5  6  7 |
---------------+----------------------+-----
Transmutations | 2 3 4 |  4.0
Spellcasting   | 3 4 |  4.7
Earth Magic    | 4 5 |  5.5
Stealth        | 3 |  3.8
Dodging        | |  2.0

Action                   |  1- 3 |  4- 6 |  7- 9 || total
-------------------------+-------+-------+-------++-------
Melee: Unarmed           |    10 |       |       ||    10
       Tentacles         |    13 |    10 |     3 ||    26
       Constrict         |    18 |    13 |     3 ||    34
       Short sword       |    59 |    17 |       ||    76
       Dagger            |       |    53 |    21 ||    74
 Cast: Sandblast         |    12 |    43 |    12 ||    67
       Petrify           |       |     2 |     4 ||     6
  Use: Scroll            |       |     6 |     1 ||     7
 Stab: Sleeping          |     9 |    10 |     2 ||    21
       Petrified         |       |     8 |    11 ||    19
Armor: Skin              |    10 |     3 |     1 ||    14
Dodge: Dodged            |    46 |    37 |     5 ||    88
